 Dungeon Crawl Stone Soup version 0.30.1-9-gdf580d7c3d (webtiles) character file.

Game seed: 14688211553372428724

431 Psyclone the Conjurer (level 6, -1/32 HPs)
             Began as a Deep Elf Conjurer on Sept 25, 2023.
             Slain by Menkaure (8 damage)
             ... on level 4 of the Dungeon.
             The game lasted 00:10:15 (3673 turns).

Psyclone the Conjurer (Deep Elf Conjurer)           Turns: 3673, Time: 00:10:16

Health: -1/32      AC:  3    Str:  4    XL:     6   Next: 66%
Magic:  11/16      EV: 12    Int: 25    God:
Gold:   230        SH:  0    Dex: 13    Spells: 11/16 levels left

rFire   . . .        a - +2 dagger (holy)
rCold   x . .        (no shield)
rNeg    . . .        i - +0 robe
rPois   .            (no helmet)
rElec   .            f - +0 cloak
rCorr   .            (no gloves)
SInv    +            (no boots)
Will    .....        (no amulet)
Stlth   ++           (no ring)
HPRegen 0.25/turn    (no ring)
MPRegen 0.15/turn

%: no passive effects
@: no status effects
A: see invisible, cold vulnerability 1
a: no special abilities


You were on level 4 of the Dungeon.
You visited 1 branch of the dungeon, and saw 4 of its levels.

You collected 230 gold pieces.

Inventory:

Hand Weapons
 a - a +2 dagger of holy wrath (weapon)
Missiles
 c - a throwing net {!f}
Armour
 f - a +0 cloak (worn)
 i - a +0 robe (worn)
Wands
 r - a wand of charming (12)
Scrolls
 d - 2 scrolls of noise
 g - 2 scrolls of identify {@r1}
 j - a scroll of immolation
 k - a scroll of brand weapon
 m - a scroll of teleportation
 p - a scroll of blinking
 t - a scroll of vulnerability
Potions
 b - a potion of magic
 e - a potion of curing
 h - 2 potions of heal wounds
 l - a potion of mutation
 n - a potion of berserk rage
 s - a potion of might


   Skills:
 - Level 2.4 Dodging
 - Level 2.4 Stealth
 - Level 5.9 Spellcasting
 - Level 6.2 Conjurations
 + Level 4.3 Poison Magic


You had 11 spell levels left.
You knew the following spells:

 Your Spells              Type           Power      Damage    Failure   Level
a - Magic Dart            Conj           100%       1d8       1%          1
b - Searing Ray           Conj           76%        2d7       1%          2
v - Poisonous Vapours     Pois/Air       36%        N/A       4%          2

Your spell library contained the following spells:

 Spells                   Type           Power      Damage    Failure   Level
 Mephitic Cloud           Conj/Pois/Air  24%        N/A       5%          3
 Dazzling Flash           Conj/Hex       44%        N/A       6%          3
 Fulminant Prism          Conj/Hex       11%        3d8       21%         4
 Iskenderun's Mystic Bla  Conj/Tloc      22%        2d6       21%         4
 Tukima's Dance           Hex            7%         N/A       22%         3
 Passage of Golubria      Tloc           7%         N/A       58%         4
 Freezing Cloud           Conj/Ice/Air   8%         6-21      65%         5
 Yara's Violent Unravell  Hex/Tmut       3%         3d4       91%         5


Dungeon Overview and Level Annotations

Branches:
Dungeon (4/15) Zot: 20317
 Temple: D:4-7

Altars:
Nemelex Xobeh
Xom

Annotations:
D:4 Menkaure


Innate Abilities, Weirdness & Mutations

You have supernaturally acute eyesight. (SInv)
You are vulnerable to cold. (rC-)


Message History

The magic dart hits the scorpion.
You kill the scorpion!
Your Poison Magic skill increases to level 4!
You now have 10/16 mp.
Casting: Magic Dart (safe; 1% risk of failure)
Confirm with . or Enter, or press ? or * to list all spells.
You can't see any susceptible monsters within range! (Use Z to cast anyway.) Unknown command.
Unknown command.
Casting: Magic Dart (safe; 1% risk of failure)
Confirm with . or Enter, or press ? or * to list all spells.
You can't see any susceptible monsters within range! (Use Z to cast anyway.)
You see here a giant cockroach corpse.
Menkaure, Prince of Dust comes into view.
Menkaure shouts!
MP restored: 16
Casting: Magic Dart (safe; 1% risk of failure)
Confirm with . or Enter, or press ? or * to list all spells.
Aiming: Searing Ray (safe; 1% risk of failure)
Press: ? - help, Shift-Dir - straight line, f - Menkaure
Aim: Menkaure (91% to hit)
The searing ray hits Menkaure!
Menkaure is moderately damaged. (Press . to maintain the ray.)
You now have 14/16 mp.
The searing ray hits Menkaure.
Menkaure is heavily damaged.
Menkaure hits you!
You take 7 damage, and have 25/32 hp.
MASSIVE DAMAGE!!
You now have 13/16 mp.
The searing ray hits Menkaure!
Menkaure is almost destroyed.
Menkaure hits you!!
Ouch! That really hurt!
* * * LOW HITPOINT WARNING * * *
You take 19 damage, and have 6/32 hp.
MASSIVE DAMAGE!!
You now have 12/16 mp.
The searing ray hits Menkaure.
Menkaure is almost destroyed.
You finish channelling your searing ray.
Menkaure hits you!
You die...

#....### #......#
#......########
###.#.>.#........
...###.#.########
###.#..### #.. ##.#.#
#.# ###+## #.###.##.#
##...## #.@M.....#
##.....## #.##..#..#
##.......## #..#.##..
##.........####........
.'.........'.†.........
##.........####........
##.......## ##.#.####
##.....## ##.#
#####...## .#


You could see Menkaure.

Vanquished Creatures
  An ogre (D:3)
  A gnoll sergeant (D:4)
  A scorpion (D:4)
  Crazy Yiuf (D:4)
  A sleepcap (D:4)
  4 gnolls (D:4)
  6 adders
  2 worms (D:2)
  A dart slug (D:2)
  An orc (D:4)
  6 endoplasms
  9 giant cockroaches
  5 goblins
  4 hobgoblins
  3 quokkas
  6 ball pythons
  9 bats
  6 frilled lizards
  14 kobolds
  2 rats
83 creatures vanquished.

Notes
Turn   | Place    | Note
-------+----------+-------------------------------------------
     0 | D:1      | Psyclone the Deep Elf Conjurer began the quest for the Orb.
     0 | D:1      | Reached XP level 1. HP: 10/10 MP: 6/6
   139 | D:1      | Reached XP level 2. HP: 15/15 MP: 3/8
   621 | D:1      | Reached XP level 3. HP: 19/19 MP: 8/10
   624 | D:1      | Learned a level 2 spell: Searing Ray
   641 | D:1      | Reached skill level 5 in Conjurations
  1028 | D:1      | Found a faded altar of an unknown god.
  1421 | D:2      | Reached XP level 4. HP: 24/24 MP: 8/12
  1938 | D:2      | Reached skill level 5 in Spellcasting
  2267 | D:3      | Found a shimmering altar of Xom.
  2310 | D:3      | Found a sparkling altar of Nemelex Xobeh.
  2340 | D:3      | Noticed an ogre
  2347 | D:3      | Killed an ogre
  2348 | D:3      | Reached skill level 6 in Conjurations
  2348 | D:3      | Reached XP level 5. HP: 28/28 MP: 5/15
  2822 | D:3      | Learned a level 2 spell: Poisonous Vapours
  2986 | D:3      | Gained mutation: You have supernaturally acute eyesight.
                  | (SInv) [potion of mutation]
  2986 | D:3      | Gained mutation: You are vulnerable to cold. (rC-) [potion
                  | of mutation]
  3068 | D:4      | Reached skill level 1 in Poison Magic
  3083 | D:4      | Reached XP level 6. HP: 4/32 MP: 3/16
  3345 | D:4      | Found a runed translucent door.
  3346 | D:4      | Noticed Crazy Yiuf
  3420 | D:4      | Killed Crazy Yiuf
  3424 | D:4      | Identified the +10 hammer of Acsezyh {freeze, rElec Will+
                  | Stlth+}
  3669 | D:4      | Noticed Menkaure
  3673 | D:4      | Slain by Menkaure

Illustrated notes

Levels and vault maps discovered:
D:1:      dpeg_arrival_leaves_temple_mockup, layout_basic,
          shapermc_ecumenical_altar_hornbeckon
D:2:      layout_loops_ring
D:3:      layout_loops_cross, jmf_multi_god_temple
D:4:      layout_loops_corners, lemuel_coloured_pillars_altar, serial_shops,
          nicolae_shop_back_alley_shop, kennysheep_mini_moat, shop,
          kennysheep_cross_bottleneck, nicolae_grassy_gnolls,
          uniq_crazy_yiuf_cottage, uniq_ijyb, uniq_menkaure

Skill      XL: |  1  2  3  4  5  6 |
---------------+-------------------+-----
Spellcasting   | 4 5 |  5.9
Conjurations   | 5 6 |  6.2
Poison Magic   | 2 4 |  4.3
Dodging        | |  2.4
Stealth        | |  2.4

Action                     |  1- 3 |  4- 6 || total
---------------------------+-------+-------++-------
  Melee: Dagger            |     3 |     1 ||     4
   Cast: Magic Dart        |    78 |    71 ||   149
         Searing Ray       |       |     8 ||     8
    Use: Potion            |       |     9 ||     9
         Scroll            |       |     6 ||     6
 Armour: Robe              |     1 |     1 ||     2
  Dodge: Dodged            |     3 |     6 ||     9
